 Dungeon Crawl Stone Soup version 0.16.1-18-g436b03c (webtiles) character file.

68814 hemol the Bludgeoner (level 14, -3/127 HPs)
             Began as a Minotaur Fighter on May 3, 2015.
             Was the Champion of Ru.
             Killed by divine providence
             ... invoked by an orc priest
              (13 damage)
             ... on level 4 of the Orcish Mines.
             The game lasted 05:09:03 (25261 turns).

hemol the Bludgeoner (Minotaur Fighter)            Turns: 25261, Time: 05:09:04

Health: -3/127     AC: 28    Str: 28    XL:     14   Next: 88%
Magic:  4/4        EV:  8    Int:  5    God:    Ru [******]
Gold:   2328       SH: 14    Dex: 12    Spells: 1 memorised, 12 levels left

rFire  . . .     SeeInvis +     M - +5 demon whip "Hocwo" {pain, +Blink Str+3}
rCold  + + +     Clarity  .     X - +1 plate armour {rC+}
rNeg   + . .     SustAb   +     c - +0 shield
rPois  .         Gourm    .     C - +2 hat
rElec  +         Spirit   .     F - +1 cloak
rCorr  .         Warding  +     Q - +2 pair of gloves {Str+3}
rMut   .         Stasis   .     P - +1 pair of boots
MR     +....                    U - amulet of warding
Stlth  ..........               D - ring of sustain abilities
                                (no ring)

@: exhausted, slowed, very slow, somewhat resistant to hostile enchantments,
extremely unstealthy
A: retaliatory headbutt, horns 2, see invisible, cold resistance 2, low mp 2,
electricity resistance, weak 1, no stealth, inability to use devices, inability
to train dodging, unskilled 1
a: Draw Out Power, Power Leap, Apocalypse, Renounce Religion


You were on level 4 of the Orcish Mines.
You worshipped Ru.
Ru was exalted by your worship.
You were not hungry.

You visited 3 branches of the dungeon, and saw 24 of its levels.
You also visited: Labyrinth, Sewer, Bailey, Ice Cave and Volcano.

You collected 2484 gold pieces.
You spent 156 gold pieces at shops.

Inventory:

Hand weapons
 M - the +5 demon whip "Hocwo" (weapon) {pain, +Blink Str+3}
   (You found it in an ice cave)

   In the hands of one skilled in necromantic magic, it inflicts extra damage on
   living creatures.
   It affects your strength (+3).
   It lets you blink.
 O - a +3 flail of holy wrath
Missiles
 J - 3 javelins (quivered)
Armour
 b - a +0 cloak of cold resistance
 c - a +0 shield (worn)
 n - a +1 hat of cold resistance
 C - a +2 hat (worn)
 F - a +1 cloak (worn)
 P - a +1 pair of boots (worn)
 Q - a +2 pair of gloves of strength (worn)
 W - a +1 chain mail of magic resistance
 X - a +1 plate armour of cold resistance (worn)
 Y - a +2 scale mail of fire resistance
Jewellery
 D - a ring of sustain abilities (right hand)
 I - a +6 ring of intelligence
 U - an amulet of warding (around neck)
Scrolls
 a - 2 scrolls of silence
 f - 2 scrolls of enchant armour
 j - a scroll of blinking {unknown}
 q - 4 scrolls of enchant weapon
 t - 2 scrolls of fear {unknown}
 u - 7 scrolls of teleportation
 x - 9 scrolls of remove curse
 y - 2 scrolls of fog {unknown}
 K - a scroll of torment {unknown}
 L - 4 scrolls of recharging {unknown}
 N - 3 scrolls of immolation {unknown}
Potions
 e - a potion of might
 g - a potion of agility
 h - 5 potions of magic
 i - a potion of lignification
 m - 4 potions of heal wounds
 o - 9 potions of curing
 p - a potion of berserk rage
 s - 3 potions of flight
 A - 2 potions of resistance {unknown}
 B - 7 potions of restore abilities
 E - a potion of cancellation
 G - a potion of invisibility {unknown}
 H - a potion of ambrosia {unknown}
 V - 3 potions of cure mutation
Books
 w - a book of Cantrips

   Spells                             Type                      Level
   a - Corona                         Hexes                        1
   b - Animate Skeleton               Necromancy                   1
   c - Summon Small Mammal            Summoning                    1
   d - Apportation                    Translocation                1
 z - the Incunabulum of Poisoning and Confrontation
   (You found it in a labyrinth)

   Spells                             Type                      Level
   a - Flame Tongue                   Conjuration/Fire             1
   b - Mephitic Cloud                 Conjuration/Poison/Air       3
   c - Olgreb's Toxic Radiance        Poison                       4
   d - Alistair's Intoxication        Transmutation/Poison         4
   e - Poisonous Cloud                Conjuration/Poison/Air       6
 R - a book of Annihilations {highlevel, unknown}

   This book is beyond your current level of understanding.

   Spells                             Type                      Level
   a - Poison Arrow                   Conjuration/Poison           6
   b - Chain Lightning                Conjuration/Air              8
   c - Lehudib's Crystal Spear        Conjuration/Earth            8
   d - Glaciate                       Conjuration/Ice              9
   e - Fire Storm                     Conjuration/Fire             9
 S - a book of Alchemy

   Spells                             Type                      Level
   a - Sublimation of Blood           Necromancy                   2
   b - Alistair's Intoxication        Transmutation/Poison         4
   c - Condensation Shield            Ice                          4
   d - Petrify                        Transmutation/Earth          4
   e - Ignite Poison                  Fire/Transmutation           5
   f - Irradiate                      Conjuration/Transmutation    5
 T - a book of Minor Magic

   Spells                             Type                      Level
   a - Magic Dart                     Conjuration                  1
   b - Blink                          Translocation                2
   c - Call Imp                       Summoning                    2
   d - Repel Missiles                 Charms/Air                   2
   e - Slow                           Hexes                        2
   f - Conjure Flame                  Conjuration/Fire             3
   g - Mephitic Cloud                 Conjuration/Poison/Air       3
 Z - a Grand Grimoire {highlevel, unknown}

   This book is beyond your current level of understanding.

   Spells                             Type                      Level
   a - Aura of Abjuration             Summoning                    6
   b - Summon Greater Demon           Summoning                    7
   c - Malign Gateway                 Summoning/Translocation      7
   d - Summon Horrible Things         Summoning                    8
Miscellaneous
 r - a lantern of shadows
Comestibles
 d - 13 bread rations
 k - 11 meat rations
 l - 7 slices of pizza


   Skills:
 - Level 12.8 Fighting
 - Level 16.0 Maces & Flails
 + Level 14.1 Armour
   Level 0.0 Dodging
 + Level 14.0 Shields
 * Level 1.5 Necromancy


You had 12 spell levels left.
You knew the following spells:

 Your Spells              Type           Power        Failure   Level  Hunger
a - Animate Skeleton      Necr           N/A          99%         1    ##.....


Dungeon Overview and Level Annotations

Branches:
Dungeon (12/15)            Temple (0/1) D:7            Lair (8/8) D:11
  Swamp (0/5) Lair:5       Spider (0/5) Lair:3        Slime (0/6) Lair:7
    Orc (4/4) D:9
    Elf: Orc:3-4

Altars:
Cheibriados
Dithmenos
Elyvilon
Gozag
Kikubaaqudgha
Nemelex Xobeh
Okawaru
Qazlal
Ru
Trog
Yredelemnul
Zin
The Shining One
Beogh
Jiyva

Shops:
D:5 %   D:8 (   Orc:2 }   Orc:4 [(

Annotations:
D:9 1 runed door
Orc:4 Nergalle


Innate Abilities, Weirdness & Mutations

You reflexively headbutt those who attack you in melee.
You have a pair of horns on your head.
Your magical capacity is very low (-20% MP).
You cannot be stealthy.
You cannot study or use magical devices.
You cannot train Dodging skill.
You are somewhat unskilled (-1 Apt).
You have supernaturally acute eyesight.
Your flesh is very cold resistant.
You are resistant to electric shocks.
You are weak. (Str -2)


Message History

The orc priest invokes the aid of Beogh against you.
Something smites you!
* * * LOW HITPOINT WARNING * * *
You redirect the orc priest's attack!
The orc wizard casts a spell at you. The puff of flame hits you!
The troll closely misses you. The troll claws you.
* * * LOW HITPOINT WARNING * * *
You block the troll's attack. 2 orcs come into view.
The orc shouts! x2
You block the troll's attack. The troll claws you.
* * * LOW HITPOINT WARNING * * *
The troll claws you but does no damage. You block the orc's attack.
The troll bites you!
* * * LOW HITPOINT WARNING * * *
The troll barely misses you. You block the troll's attack.
There is a stone staircase leading up, spattered with blood here.
The orc priest calls down the wrath of Beogh upon you.
Something smites you!
You die...

. .... .....
##
......####.##
......o##...#
....o......###
#..o.......#.#
#.oT..........
#.@o...o......
#.o........$#.
#...........#.
##oo..........
#..........##.
...........##
.........###
.........#
.....# .


You could see a troll, an orc warrior, an orc priest, an orc wizard and 6 orcs.

Vanquished Creatures
  An orc warlord (Orc:4)
  Gastronok (D:12)
  A minotaur (Lab)
  Fannar (Lair:5)
  A catoblepas (Lair:7)
  3 hydras
  5 death yaks (Lair:6)
  12 spriggans (Lair:8)
  Urug (Orc:4)
  5 ice devils (IceCv)
  Erolcha (D:8)
  2 ice statues (IceCv)
  An unseen horror (D:11)
  5 orc knights
  A hill giant (D:11)
  A cyclops (D:11)
  An ugly thing (D:12)
  4 orc sorcerers
  A griffon (Lair:5)
  2 centaur zombies
  8 elephants
  6 black mambas
  A gargoyle (D:11)
  The ghost of CraigorTheMighty the Shield-Bearer, an experienced HuFi of Makhleb (D:6)
  5 komodo dragons
  4 fire drakes
  14 spiny frogs
  A redback zombie (D:11)
  3 kobold demonologists (D:11)
  4 trolls
  2 spriggan druids
  6 polar bears
  5 blue devils (IceCv)
  Grinder (D:3)
  2 two-headed ogres (D:9)
  3 blink frogs (Lair:1)
  2 basilisks
  35 yaks
  2 deep elf magi (D:11)
  A fire bat (Volcano)
  4 redbacks (Lair:8)
  Grum (D:8)
  A steam dragon (D:12)
  A deep elf fighter (Volcano)
  34 wolves
  12 hippogriffs
  14 hungry ghosts
  A mottled dragon (D:12)
  12 water moccasins
  14 porcupines
  2 sky beasts
  5 ice beasts
  16 wargs
  8 black bears
  2 wasps (Lair:8)
  6 ogres
  40 orc warriors
  2 phantoms
  8 centaurs
  2 boring beetles
  8 crocodiles
  5 big kobolds
  13 giant frogs
  A wyvern zombie (D:10)
  2 wyvern skeletons
  A water moccasin skeleton (D:3)
  An electric eel (Lair:2)
  4 scorpions
  5 wights (D:9)
  3 vampire bats (D:5)
  3 giant frog zombies
  6 crimson imps
  3 quasits
  3 goliath beetles
  A wasp zombie (D:11)
  17 hounds
  3 jellies (Lair:7)
  25 orc priests
  3 centaur skeletons
  5 giant frog skeletons
  31 orc wizards
  5 iguanas
  7 sheep
  8 worker ants
  A killer bee zombie (D:10)
  2 hound zombies (D:9)
  19 adders
  A gnoll (Bailey)
  39 river rats
  A giant mite (D:6)
  2 shadow imps
  6 white imps (IceCv)
  9 ufetubi (IceCv)
  2 worms (Sewer)
  An adder zombie (D:5)
  2 giant geckos
  5 oozes
  200 orcs
  12 ball pythons
  24 bats
  4 bat skeletons (D:5)
  2 bat zombies (D:5)
  8 giant cockroaches
  27 hobgoblins
  13 jackals
  51 kobolds
  7 quokkas
  6 giant newts
  20 goblins
  A goblin skeleton (D:9)
  4 orc skeletons (Orc:1)
  A quokka skeleton (D:4)
  18 rats
  3 ballistomycetes (D:6)
  3 plants
998 creatures vanquished.

Vanquished Creatures (others)
  A wyvern (D:10)
  A shadow (Lab)
  An orc wizard (Orc:2)
  2 river rats (Lair:1)
  2 white imps (IceCv)
  8 orcs
  A goblin (Orc:1)
  A kobold (D:12)
  A quokka (Lair:1)
  A giant spore (D:6)
  2 fungi
21 creatures vanquished.

Grand Total: 1019 creatures vanquished

Notes
Turn   | Place    | Note
--------------------------------------------------------------
     0 | D:1      | hemol, the Minotaur Fighter, began the quest for the Orb.
     0 | D:1      | Reached XP level 1. HP: 19/19 MP: 1/1
    75 | D:1      | Reached XP level 2. HP: 17/27 MP: 1/1
   482 | D:1      | Reached skill level 4 in Armour
   496 | D:1      | Reached XP level 3. HP: 17/33 MP: 2/2
  1251 | D:2      | Found a sparkling altar of Nemelex Xobeh.
  1251 | D:2      | Found a sacrificial altar of Ru.
  1255 | D:2      | Became a worshipper of Ru the Awakened
  1492 | D:2      | Found a shadowy altar of Dithmenos.
  1693 | D:2      | Found an opulent altar of Gozag.
  1752 | D:2      | Reached XP level 4. HP: 40/40 MP: 2/2
  2065 | D:3      | Noticed Grinder
  2077 | D:3      | Paralysed by Grinder for 6 turns
  2096 | D:3      | Killed Grinder
  2096 | D:3      | Reached skill level 5 in Maces & Flails
  2096 | D:3      | Reached skill level 5 in Armour
  2096 | D:3      | Reached skill level 5 in Shields
  2096 | D:3      | Reached XP level 5. HP: 14/46 MP: 2/2
  2096 | D:3      | Reached XP level 6. HP: 15/52 MP: 3/3
  2432 | D:3      | Gained mutation: Your magical capacity is low (-10% MP). [Ru sacrifice]
  2435 | D:3      | Found a stormy altar of Qazlal.
  2437 | D:3      | Found a bloodstained altar of Trog.
  2698 | D:3      | Reached skill level 6 in Maces & Flails
  3203 | D:4      | Reached XP level 7. HP: 51/58 MP: 2/2
  3331 | D:4      | Found a snail-covered altar of Cheibriados.
  3351 | D:4      | Reached skill level 7 in Maces & Flails
  3526 | D:5      | Entered Level 5 of the Dungeon
  3635 | D:5      | Reached skill level 8 in Maces & Flails
  3635 | D:5      | Reached XP level 8. HP: 56/66 MP: 2/2
  3913 | D:5      | Reached skill level 9 in Maces & Flails
  3927 | D:5      | Gained mutation: You cannot study or use magical devices. [Ru sacrifice]
  3927 | D:5      | Acquired Ru's first power
  3927 | D:5      | Acquired Ru's second power
  3927 | D:5      | Acquired Ru's third power
  4037 | D:5      | Found a glowing silver altar of Zin.
  4372 | D:5      | Found Hapnot's Food Shop.
  4397 | D:5      | Found a white marble altar of Elyvilon.
  4477 | D:5      | Found an ancient bone altar of Kikubaaqudgha.
  4577 | D:6      | Found a white marble altar of Elyvilon.
  4950 | D:6      | Reached skill level 10 in Maces & Flails
  4974 | D:6      | Found a glowing drain.
  4978 | Sewer    | Entered a sewer
  5130 | Sewer    | Reached XP level 9. HP: 55/71 MP: 3/3
  5530 | Sewer    | Gained mutation: You are somewhat unskilled (-1 Apt). [Ru sacrifice]
  5530 | Sewer    | Reduced skill Maces & Flails to level 9
  5530 | Sewer    | Acquired Ru's fourth power
  5530 | Sewer    | Acquired Ru's fifth power
  5787 | D:6      | Noticed CraigorTheMighty's ghost (experienced HuFi)
  5847 | D:6      | Killed CraigorTheMighty's ghost
  5912 | D:7      | Reached skill level 10 in Maces & Flails
  6010 | D:7      | Found a staircase to the Ecumenical Temple.
  6519 | D:7      | Found a bloodstained altar of Trog.
  6586 | D:8      | Found Ashraqaj's Antique Weapon Emporium.
  6599 | D:8      | Bought a glowing flail for 91 gold pieces
  6599 | D:8      | Bought a runed whip for 65 gold pieces
  7217 | D:8      | Noticed Erolcha
  7231 | D:8      | Killed Erolcha
  7231 | D:8      | Reached skill level 11 in Maces & Flails
  7243 | D:8      | Reached XP level 10. HP: 24/77 MP: 3/3
  7266 | D:8      | Found an iron altar of Okawaru.
  7548 | D:8      | Noticed Grum
  7570 | D:8      | Killed Grum
  7864 | D:9      | Found a staircase to the Orcish Mines.
  8016 | D:9      | Reached skill level 12 in Maces & Flails
  8192 | D:9      | Found a glowing golden altar of the Shining One.
  8542 | D:9      | Found a runed door.
  8550 | D:9      | Found a basalt altar of Yredelemnul.
  8585 | D:9      | Reached skill level 10 in Armour
  8965 | D:9      | Noticed an orc knight
  8965 | D:9      | Noticed an orc knight
  9052 | D:9      | HP: 2/77 [orc knight/uncursed glaive (18)]
  9065 | D:9      | HP: 2/115 [orc knight/uncursed glaive (11)]
  9066 | D:9      | Killed an orc knight
  9066 | D:9      | Reached XP level 11. HP: 2/82 MP: 3/3
  9437 | D:9      | Reached skill level 10 in Shields
  9601 | D:9      | Reached skill level 13 in Maces & Flails
 10037 | D:10     | Entered Level 10 of the Dungeon
 10194 | D:10     | Found a flagged portal.
 10204 | Bailey   | Entered a bailey
 10313 | Bailey   | Reached skill level 1 in Dodging
 10861 | D:10     | You fall through a shaft for 2 floors!
 10861 | D:12     | Noticed Gastronok
 10871 | D:12     | Killed Gastronok
 10871 | D:12     | Reached skill level 5 in Fighting
 10871 | D:12     | Reached skill level 14 in Maces & Flails
 11005 | D:12     | Gained mutation: You cannot train Dodging skill. [Ru sacrifice]
 11610 | D:11     | Noticed an ice devil
 11615 | D:11     | Reached XP level 12. HP: 78/95 MP: 4/4
 11751 | D:11     | Noticed a hill giant
 11761 | D:11     | Killed a hill giant
 11781 | D:11     | Found a staircase to the Lair.
 11968 | D:11     | Killed an unseen horror
 12133 | Orc:1    | Entered Level 1 of the Orcish Mines
 12621 | Orc:2    | Gained mutation: You cannot be stealthy. [Ru sacrifice]
 13391 | Orc:2    | Found Orad's Gadget Emporium.
 14637 | Lair:1   | Entered Level 1 of the Lair of Beasts
 15309 | Lair:2   | Noticed a five-headed hydra
 15577 | Lair:2   | Reached XP level 13. HP: 107/111 MP: 4/4
 15828 | Lair:2   | Killed a five-headed hydra
 15944 | Lair:2   | Reached skill level 15 in Maces & Flails
 16185 | Lair:3   | Found a hole to the Spider Nest.
 16195 | Lair:3   | Found a dark tunnel.
 16369 | Volcano  | Entered a volcano
 16518 | Volcano  | Gained mutation: You are weak. (Str -2) [potion of mutation]
 16518 | Volcano  | Gained mutation: Your flesh is cold resistant. [potion of mutation]
 16519 | Volcano  | Gained mutation: You are resistant to electric shocks. [potion of mutation]
 16519 | Volcano  | Gained mutation: Your magical capacity is very low (-20% MP). [potion of mutation]
 16519 | Volcano  | Lost mutation: Your magical capacity is very low (-20% MP). [potion of mutation]
 16520 | Volcano  | Gained mutation: You have supernaturally acute eyesight. [potion of mutation]
 16520 | Volcano  | Gained mutation: Your magical capacity is very low (-20% MP). [potion of mutation]
 16520 | Volcano  | Gained mutation: Your flesh is very cold resistant. [potion of mutation]
 18578 | Lair:5   | Noticed Fannar
 18605 | Lair:5   | Killed Fannar
 18681 | Lair:5   | Found a staircase to the Swamp.
 18786 | Lair:6   | Reached skill level 16 in Maces & Flails
 18989 | Lair:6   | Reached skill level 10 in Fighting
 19418 | Lair:7   | Found a frozen archway.
 19477 | IceCv    | Entered an ice cave
 19512 | IceCv    | Reached XP level 14. HP: 108/122 MP: 4/4
 19760 | IceCv    | Got a jewelled demon whip
 19761 | IceCv    | Identified the +5 demon whip "Hocwo" {pain, +Blink Str+3} (You found it in an ice cave)
 20163 | Lair:7   | Found a runed door.
 20163 | Lair:7   | Found a viscous altar of Jiyva.
 20166 | Lair:7   | Found a staircase to the Slime Pits.
 20429 | Lair:8   | Entered Level 8 of the Lair of Beasts
 21010 | Lair:8   | Found a labyrinth entrance.
 21020 | Lab      | Entered a labyrinth
 24306 | Lab      | Identified the Incunabulum of Poisoning and Confrontation
 24533 | Lair:8   | Learned a level 1 spell: Animate Skeleton
 25100 | Orc:4    | Entered Level 4 of the Orcish Mines
 25100 | Orc:4    | Found Aleun's Armour Emporium.
 25174 | Orc:4    | Noticed Urug
 25194 | Orc:4    | Killed Urug
 25194 | Orc:4    | Reached skill level 1 in Necromancy
 25218 | Orc:4    | Noticed an orc warlord
 25233 | Orc:4    | Killed an orc warlord
 25237 | Orc:4    | Found a roughly hewn altar of Beogh.
 25249 | Orc:4    | Found Sinuehae's Antique Weapon Emporium.
 25256 | Orc:4    | Noticed Nergalle
 25261 | Orc:4    | Killed from afar by an orc priest

Action                   |  1- 3 |  4- 6 |  7- 9 | 10-12 | 13-15 || total
-------------------------+-------+-------+-------+-------+-------++-------
Melee: Flail             |   130 |   153 |   145 |  1215 |   125 ||  1768
       Whip              |       |       |   576 |       |       ||   576
       Morningstar       |       |       |       |   178 |   616 ||   794
       Demon whip        |       |       |       |       |   698 ||   698
Throw: Javelin           |       |       |       |    40 |     7 ||    47
Invok: Sacrifice Essence |       |     1 |       |       |       ||     1
       Sacrifice Artific |       |       |     1 |       |       ||     1
       Sacrifice Skill   |       |       |     1 |       |       ||     1
       Draw Out Power    |       |       |       |     6 |     2 ||     8
       Reject Sacrifices |       |       |       |     1 |       ||     1
       Sacrifice Nimblen |       |       |       |     1 |       ||     1
       Sacrifice Stealth |       |       |       |     1 |       ||     1
  Use: Potion            |       |     1 |     1 |     7 |     5 ||    14
       Scroll            |       |       |       |    21 |     7 ||    28
 Stab: Paralysed         |       |       |     4 |    15 |     3 ||    22
       Distracted        |       |       |       |     4 |     1 ||     5
       Invisible         |       |       |       |     3 |    11 ||    14
       Fleeing           |       |       |       |       |     1 ||     1
  Eat: Chunk             |     2 |     5 |    14 |    29 |    18 ||    68
       Fruit             |       |       |       |       |     8 ||     8
       Royal jelly       |       |       |       |       |     2 ||     2
       Beef jerky        |       |       |       |       |     2 ||     2
       Pizza             |       |       |       |       |     1 ||     1
